 Dungeon Crawl Stone Soup version 0.28.0-45-g0d030f2227 (webtiles) character file.

Game seed: 6514354104267147449

714 themarg the Fighter (level 7, 0/64 HPs)
             Began as a Gnoll Wanderer on Apr 13, 2022.
             Was an Initiate of Gozag.
             Slain by an ice beast (2 damage)
             ... on level 4 of the Dungeon on Apr 14, 2022.
             The game lasted 00:19:23 (6055 turns).

themarg the Fighter (Gnoll Wanderer)                Turns: 6055, Time: 00:19:24

Health: 0/64       AC:  5    Str: 12    XL:     7   Next: 69%
Magic:  12/12      EV: 12    Int: 11    God:    Gozag
Gold:   69         SH:  0    Dex: 13    Spells: 13/13 levels left

rFire   . . .      SeeInvis .   a - +3 dagger
rCold   . . .      Faith    .   (no shield)
rNeg    . . .      Spirit   .   e - +0 leather armour
rPois   .          Reflect  .   (no helmet)
rElec   .          Harm     .   (no cloak)
rCorr   .          Rampage  .   (no gloves)
Will    .....                   p - +1 pair of boots
Stlth   ++........              (no amulet)
HPRegen 0.20/turn               (no ring)
MPRegen 0.13/turn               (no ring)

@: no status effects
A: fangs 1, strong nose, distributed training, subdued magic 1
a: Renounce Religion, Potion Petition, Call Merchant, Bribe Branch


You were on level 4 of the Dungeon.
You worshipped Gozag.
Gozag was noncommittal.
You visited 2 branches of the dungeon, and saw 6 of its levels.

You collected 113 gold pieces.
You paid 44 gold pieces to Gozag.

Inventory:

Hand Weapons
 a - a +3 dagger (weapon)
 b - a +0 hunting sling
Missiles
 c - 4 curare-tipped darts
 d - 28 sling bullets
 f - 7 poisoned darts (quivered)
 h - 46 stones
 n - 5 silver boomerangs
Armour
 e - a +0 leather armour (worn)
 p - a +1 pair of boots (worn)
 z - a +1 ring mail of fire resistance
Jewellery
 i - a ring of fire
 o - a ring of wizardry
Scrolls
 g - 6 scrolls of teleportation
 u - a scroll of acquirement {unknown}
 y - a scroll of immolation {unknown}
Potions
 j - a potion of lignification {unknown}
 k - a potion of flight {unknown}
 l - a potion of mutation
 m - a potion of magic {unknown}
 q - a potion of might
 r - a potion of ambrosia {unknown}
 s - a potion of haste {unknown}
 v - a potion of invisibility {unknown}
 w - a potion of degeneration {unknown}


   Skills:
 + Level 9.0 Fighting
 + Level 2.6 Short Blades
 + Level 2.6 Long Blades
 + Level 2.6 Axes
 + Level 2.6 Maces & Flails
 + Level 2.6 Polearms
 + Level 2.6 Staves
 + Level 3.7 Slings
 + Level 2.6 Bows
 + Level 2.6 Crossbows
 + Level 7.1 Throwing
 + Level 2.6 Armour
 + Level 2.6 Dodging
 + Level 2.6 Stealth
 + Level 2.6 Shields
 + Level 2.6 Unarmed Combat
 + Level 3.9 Spellcasting
 + Level 2.1 Conjurations
 + Level 2.1 Hexes
 + Level 2.1 Summonings
 + Level 2.1 Necromancy
 + Level 2.1 Translocations
 + Level 2.1 Transmutations
 + Level 2.1 Fire Magic
 + Level 2.1 Ice Magic
 + Level 2.1 Air Magic
 + Level 2.1 Earth Magic
 + Level 2.1 Poison Magic
 + Level 4.0 Invocations
 + Level 2.6 Evocations


You had 13 spell levels left.
You didn't know any spells.
Your spell library contained the following spells:

 Spells                   Type           Power      Damage    Failure   Level
 Blink                    Tloc           10%        N/A       16%         2
 Lesser Beckoning         Tloc           5%         N/A       32%         3
 Manifold Assault         Tloc           5%         N/A       97%         5
 Storm Form               Tmut/Air       2%         N/A       100%        7


Dungeon Overview and Level Annotations

Branches:
Dungeon (5/15)             Temple (1/1) D:4

Altars:
Dithmenos
Fedhas
Gozag
Kikubaaqudgha
Nemelex Xobeh
Qazlal
Ru
Sif Muna
Trog
Uskayaw
Vehumet
Xom
Zin


Innate Abilities, Weirdness & Mutations

You have very sharp teeth.
Your uncanny sense of smell can sniff out nearby items.
Your experience applies equally to all skills.
Your spells are a little easier to cast, but a little less powerful.


Message History

The ice beast is heavily wounded.
You hit the ice beast.
The ice beast is severely wounded.
The ice beast misses you.
You closely miss the ice beast.
The ice beast is severely wounded.
The ice beast closely misses you.
You hit the ice beast but do no damage.
The ice beast is severely wounded.
The ice beast hits you but does no damage.
You hit the ice beast.
The ice beast is severely wounded.
The ice beast barely misses you.
You hit the ice beast.
The ice beast is almost dead.
The ice beast hits you. The ice beast freezes you!
* * * LOW HITPOINT WARNING * * *
As you read the scroll labelled HAEGREITWO, it crumbles to dust.
It is a scroll of amnesia.
You feel forgetful for a moment.
The ice beast hits you but does no damage.
You hit the ice beast.
The ice beast is almost dead.
The ice beast hits you but does no damage.
You hit the ice beast.
The ice beast is almost dead.
The ice beast closely misses you.
You hit the ice beast but do no damage.
The ice beast is almost dead.
You closely miss the ice beast. Your bite misses the ice beast.
The ice beast is almost dead.
The ice beast hits you.
* * * LOW HITPOINT WARNING * * *
The ice beast freezes you!
* * * LOW HITPOINT WARNING * * *
It was a potion of mutation.
You feel extremely strange.
Your connection to magic feels subdued.
The ice beast hits you.
You die...
Your body crumbles into a pile of gold.

#'#####......................#
...# #............########.##
...# #............# #.# ...#
#............# #.# ...#
#............# #.# ...#
#............# #.# ...#
#............# #.# ...#
######.###.### #.# ...# #....#
#@# ######.# ...# #.#### #Y#
#......# ...# #.# #.# #.######
#.#######.# #.# #.#
#.........# #.# #.#
########### #.#####.#
#.......# #########


You could see an ice beast.

Vanquished Creatures
  Sigmund (D:3)
  A necrophage (D:4)
  A scorpion (D:4)
  2 orc priests
  Terence (D:2)
  2 iguanas
  Natasha (thrice) (D:3)
  A hound skeleton (D:4)
  3 gnolls (D:4)
  10 adders
  2 dart slugs
  5 orcs
  5 ball pythons
  9 endoplasms
  3 giant cockroaches
  7 goblins
  6 hobgoblins
  3 jackals (D:1)
  3 quokkas
  6 bats
  5 frilled lizards (D:1)
  8 kobolds
  7 rats
94 creatures vanquished.

Notes
Turn   | Place    | Note
-------+----------+-------------------------------------------
     0 | D:1      | themarg the Gnoll Wanderer began the quest for the Orb.
     0 | D:1      | themarg set off with the following items: a +3 dagger, 4
                  | curare-tipped darts, a +0 hunting sling, 18 sling bullets,
                  | a +0 leather armour
     0 | D:1      | Reached XP level 1. HP: 26/26 MP: 4/4
   208 | D:1      | Reached XP level 2. HP: 31/33 MP: 5/5
   547 | D:1      | Found a faded altar of an unknown god.
   552 | D:1      | Reached XP level 3. HP: 38/38 MP: 7/7
   986 | D:2      | Reached skill level 1 in Short Blades
   986 | D:2      | Reached skill level 1 in Long Blades
   986 | D:2      | Reached skill level 1 in Axes
   986 | D:2      | Reached skill level 1 in Maces & Flails
   986 | D:2      | Reached skill level 1 in Polearms
   986 | D:2      | Reached skill level 1 in Staves
   986 | D:2      | Reached skill level 1 in Bows
   986 | D:2      | Reached skill level 1 in Crossbows
   986 | D:2      | Reached skill level 1 in Armour
   986 | D:2      | Reached skill level 1 in Dodging
   986 | D:2      | Reached skill level 1 in Stealth
   986 | D:2      | Reached skill level 1 in Shields
   986 | D:2      | Reached skill level 1 in Unarmed Combat
   986 | D:2      | Reached skill level 1 in Evocations
   996 | D:2      | Reached XP level 4. HP: 34/45 MP: 8/8
  1709 | D:2      | Reached skill level 1 in Conjurations
  1709 | D:2      | Reached skill level 1 in Hexes
  1709 | D:2      | Reached skill level 1 in Summonings
  1709 | D:2      | Reached skill level 1 in Necromancy
  1709 | D:2      | Reached skill level 1 in Translocations
  1709 | D:2      | Reached skill level 1 in Transmutations
  1709 | D:2      | Reached skill level 1 in Fire Magic
  1709 | D:2      | Reached skill level 1 in Ice Magic
  1709 | D:2      | Reached skill level 1 in Air Magic
  1709 | D:2      | Reached skill level 1 in Earth Magic
  1709 | D:2      | Reached skill level 1 in Poison Magic
  2044 | D:3      | Noticed Terence
  2064 | D:2      | Killed Terence
  2065 | D:2      | Reached XP level 5. HP: 11/51 MP: 9/9
  2368 | D:3      | Noticed Sigmund
  2742 | D:3      | Killed Sigmund
  2743 | D:3      | Reached XP level 6. HP: 14/57 MP: 9/11
  3501 | D:4      | You fall into a shaft and drop 1 floor!
  3501 | D:5      | Entered Level 5 of the Dungeon
  4029 | D:4      | Noticed Natasha
  4312 | D:3      | Killed Natasha
  4313 | D:3      | Reached XP level 7. HP: 31/63 MP: 12/12
  4391 | D:3      | Noticed Natasha
  4399 | D:3      | Killed Natasha
  4428 | D:3      | Noticed Natasha
  4439 | D:3      | Killed Natasha
  5233 | D:4      | Reached skill level 9 in Fighting
  5399 | D:4      | Found a sacrificial altar of Ru.
  5439 | D:4      | Found a staircase to the Ecumenical Temple.
  5687 | Temple   | Entered the Ecumenical Temple
  5747 | Temple   | Became a worshipper of Gozag Ym Sagoz the Greedy
  6054 | D:4      | HP: 2/64 [ice beast (10)]
  6055 | D:4      | Gained mutation: Your spells are a little easier to cast,
                  | but a little less powerful. [potion of mutation]
  6055 | D:4      | Slain by an ice beast

Illustrated notes

Levels and vault maps discovered:
D:1:      dpeg_arrival_arbitrary_c, layout_basic,
          nicolae_ecumenical_lake_church, grunt_decor_arrowhead
D:2:      layout_basic
D:3:      layout_basic, nrook_loot_triangle, uniq_terence, uniq_sigmund
D:4:      layout_basic, old_standard_altar, temple_fountains, uniq_natasha
D:5:      layout_loops_ring, minmay_manual_mess
Temple:   mainiacjoe_temple_bowtie_tessellation

Skill      XL: |  1  2  3  4  5  6  7 |
---------------+----------------------+-----
Short Blades   | 1 2 |  2.6
Long Blades    | 1 2 |  2.6
Axes           | 1 2 |  2.6
Maces & Flails | 1 2 |  2.6
Polearms       | 1 2 |  2.6
Staves         | 1 2 |  2.6
Bows           | 1 2 |  2.6
Crossbows      | 1 2 |  2.6
Armour         | 1 2 |  2.6
Dodging        | 1 2 |  2.6
Stealth        | 1 2 |  2.6
Shields        | 1 2 |  2.6
Unarmed Combat | 1 2 |  2.6
Evocations     | 1 2 |  2.6
Spellcasting   | 3 |  3.9
Conjurations   | 1 2 |  2.1
Hexes          | 1 2 |  2.1
Summonings     | 1 2 |  2.1
Necromancy     | 1 2 |  2.1
Translocations | 1 2 |  2.1
Transmutations | 1 2 |  2.1
Fire Magic     | 1 2 |  2.1
Ice Magic      | 1 2 |  2.1
Air Magic      | 1 2 |  2.1
Earth Magic    | 1 2 |  2.1
Poison Magic   | 1 2 |  2.1
Invocations    | 3 4 |  4.0
Slings         | 3 |  3.7
Throwing       | 7 |  7.1
Fighting       | 9 |  9.0

Action                   |  1- 3 |  4- 6 |  7- 9 || total
-------------------------+-------+-------+-------++-------
Melee: Dagger            |    89 |   134 |   137 ||   360
       Bite              |    12 |    12 |    23 ||    47
       Punch             |     1 |     1 |     2 ||     4
 Fire: Hunting sling     |     3 |    44 |       ||    47
Throw: Dart              |       |     4 |       ||     4
  Use: Scroll            |       |     2 |     2 ||     4
       Potion            |       |     1 |     1 ||     2
 Stab: Sleeping          |     1 |     4 |     2 ||     7
Armor: Leather armour    |    26 |    42 |    33 ||   101
Dodge: Dodged            |    54 |    86 |    74 ||   214
